 Dungeon Crawl Stone Soup version 0.29.0-4-gdea44cf6ec (webtiles) character file.

Game seed: 8681761557229490657

331 qw the Chopper (level 6, -5/35 HPs)
             Began as a Tengu Warper on Aug 29, 2022.
             Slain by a gnoll bouda
             ... wielding a +0 club
              (10 damage)
             ... on level 4 of the Dungeon.
             The game lasted 00:01:28 (4164 turns).

qw the Chopper (Tengu Warper)                       Turns: 4164, Time: 00:01:29

Health: -5/35      AC:  9    Str: 13    XL:     6   Next: 51%
Magic:  10/10      EV:  7    Int: 14    God:
Gold:   252        SH:  5    Dex: 13    Spells: 9/9 levels left

rFire   . . .      SeeInvis .   Y - +0 hand axe
rCold   . . .      Faith    .   (no shield)
rNeg    . . .      Spirit   .   e - +0 chain mail
rPois   .          Reflect  +   (helmet restricted)
rElec   .          Harm     .   (no cloak)
rCorr   .          Rampage  .   (no gloves)
Will    .....                   (boots unavailable)
Stlth   ..........              k - amulet of reflection
HPRegen 0.11/turn               (no ring)
MPRegen 0.12/turn               (no ring)

@: about to teleport, weakened, flying quickly and evasively, quick
A: beak, talons 3, nimble flight
a: no special abilities


You were on level 4 of the Dungeon.
You visited 1 branch of the dungeon, and saw 4 of its levels.

You collected 252 gold pieces.


Innate Abilities, Weirdness & Mutations

You have a beak for a mouth.
You have claws for feet.
Your magical nature lets you fly swiftly and evasively.


   Skills:
 - Level 2.0 Fighting
 + Level 6.5 Axes
 - Level 1.0 Throwing
 - Level 3.3 Armour
 - Level 2.1 Dodging
 - Level 2.0 Spellcasting
 - Level 2.4 Translocations


You had 9 spell levels left.
You didn't know any spells.
Your spell library contained the following spells:

 Spells                   Type           Power      Damage    Failure   Level
 Blink                    Tloc           16%        N/A       98%         2
 Gell's Gravitas          Tloc           8%         N/A       100%        3
 Lesser Beckoning         Tloc           8%         N/A       100%        3
 Teleport Other           Tloc           8%         N/A       100%        3
 Manifold Assault         Tloc           8%         N/A       100%        5

Inventory:

Hand Weapons
 j - a +0 flail
 Y - a +0 hand axe (weapon)
Armour
 e - a +0 chain mail (worn)
Jewellery
 h - a +6 ring of strength
 k - an amulet of reflection (around neck)
Scrolls
 a - 3 scrolls of identify
 c - a scroll of fog {unknown}
 f - a scroll of immolation {unknown}
 l - a scroll of noise {unknown}
Potions
 b - a potion of resistance
 g - 2 potions of degeneration {unknown}
 i - 2 potions of mutation {unknown}
 m - a potion of invisibility {unknown}

Dungeon Overview and Level Annotations

Branches:
Dungeon (4/15)
 Temple: D:4-7

Altars:
Cheibriados
Dithmenos
Xom


Message History

The gnoll hits you from afar with a +0 spear.
The gnoll hits you with a +0 whip.
You barely miss the gnoll. You claw the gnoll. Your peck misses the gnoll.
The gnoll is heavily wounded.
You hit the gnoll bouda.
The gnoll bouda calls upon its god to heal the gnoll.
The gnoll is healed somewhat.
The gnoll hits you from afar with a +0 spear!
The gnoll hits you from afar with a +0 spear.
You block the gnoll's attack.
You hit the gnoll bouda.
The gnoll bouda is moderately wounded.
You hit the gnoll. The gnoll bouda closely misses you.
The gnoll hits you from afar with a +0 spear.
The gnoll barely misses you. x2
You hit the gnoll bouda.
You claw the gnoll bouda, but do no damage.
Your peck misses the gnoll bouda.
The gnoll bouda is moderately wounded.
You hit the gnoll but do no damage.
The gnoll bouda barks out a call to the hunt!
The gnolls pick up the pace!
You block the gnoll's attack.
The gnoll hits you from afar with a +0 spear.
The gnoll hits you with a +0 whip.
4163 ||| READING scroll of teleportation.
As you read the scroll of teleportation, it crumbles to dust.
You feel strangely unstable. The gnoll bouda barely misses you.
The gnoll hits you from afar with a +0 spear.
The gnoll hits you but does no damage. x2
You hit the gnoll bouda but do no damage.
You claw the gnoll bouda, but do no damage.
The gnoll bouda is moderately wounded.
You hit the gnoll but do no damage.
The gnoll bouda gazes fiercely through you!
You feel as though you will be weak longer.
The gnoll bouda hits you with a +0 club!
You die...

#.......# #.# #.# #.## #.##.)..#
#.# #.# #.## #.#.....# ##+# #.#
#... #.##....###...# ###.# ####
#:##..#.##.....# #...# #...
#..#.##.#.......## #.#.## #...
#.............g..###....######...
..............g..'...............
....####...<...g@####...######...
.#.## ......g## #....# #... .###
#..?..# ##.#.# #... .# ##...#
###.# #### .# ##+# #.# # .# #.# #
.# #.# # .# # #.# # .####.#### #


You could see a gnoll bouda and 3 gnolls.

Vanquished Creatures
  A centaur (D:3)
  A jelly (D:4)
  Natasha (thrice) (D:2)
  Robin (D:2)
  5 adders
  A gnoll (D:4)
  A worm (D:3)
  4 dart slugs
  2 orcs
  5 bats
  4 endoplasms
  2 giant cockroaches
  9 goblins
  9 hobgoblins
  8 kobolds
  2 quokkas
  13 ball pythons
  A frilled lizard (D:3)
  A rat (D:1)
73 creatures vanquished.

Notes
Turn   | Place    | Note
-------+----------+-------------------------------------------
     0 | D:1      | qw the Tengu Warper began the quest for the Orb.
     0 | D:1      | Reached XP level 1. HP: 12/12 MP: 4/4
     0 | D:1      | 0 ||| qw: Version: 0.1-a-89-g26bdef1
     0 | D:1      | 0 ||| qw: Game counter: 3552
     0 | D:1      | 0 ||| qw: Always use a shield: true
     0 | D:1      | 0 ||| qw: God list: Okawaru
     0 | D:1      | 0 ||| qw: Allow faded altars: false
     0 | D:1      | 0 ||| qw: Do Orc after D:15 true
     0 | D:1      | 0 ||| qw: Do second Lair branch before Depths: true
     0 | D:1      | 0 ||| qw: Lair rune preference: random
     0 | D:1      | 0 ||| qw: Plans: Normal
     0 | D:1      | 0 ||| PLANNING D:1-11
    32 | D:1      | 32 ||| Stepping ~*~*~tactically~*~*~ (hiding).
   282 | D:1      | Reached skill level 3 in Axes
   282 | D:1      | Reached XP level 2. HP: 14/17 MP: 6/6
   488 | D:1      | 488 ||| Stepping ~*~*~tactically~*~*~ (stealth).
   490 | D:1      | Found a faded altar of an unknown god.
   492 | D:1      | 492 ||| Stepping ~*~*~tactically~*~*~ (stealth).
   494 | D:1      | 494 ||| Stepping ~*~*~tactically~*~*~ (stealth).
   496 | D:1      | 496 ||| Stepping ~*~*~tactically~*~*~ (stealth).
   697 | D:1      | 697 ||| UPGRADING to +0 scale mail.
   707 | D:1      | 707 ||| DROPPING +0 leather armour.
   708 | D:1      | 708 ||| UPGRADING to amulet of reflection.
   713 | D:1      | 713 ||| READING scroll labelled YBAAVUCKEG.
   714 | D:1      | 714 ||| READING scroll labelled OFFAWA GAAGG.
   715 | D:1      | 715 ||| READING scroll labelled TUAJOU DUVO.
   716 | D:1      | 716 ||| DROPPING scroll of blinking.
   775 | D:2      | 775 ||| Stepping ~*~*~tactically~*~*~ (stealth).
   784 | D:2      | Reached XP level 3. HP: 16/21 MP: 7/7
   936 | D:2      | Found a shimmering altar of Xom.
   945 | D:2      | Reached skill level 4 in Axes
  1032 | D:2      | 1032 ||| Stepping ~*~*~tactically~*~*~ (stealth).
  1051 | D:2      | 1051 ||| FLEEEEING.
  1051 | D:2      | Noticed Robin
  1052 | D:2      | 1052 ||| FLEEEEING.
  1053 | D:2      | 1053 ||| FLEEEEING.
  1054 | D:2      | 1054 ||| FLEEEEING.
  1056 | D:2      | 1056 ||| FLEEEEING.
  1057 | D:2      | 1057 ||| FLEEEEING.
  1058 | D:2      | 1058 ||| FLEEEEING.
  1059 | D:2      | 1059 ||| FLEEEEING.
  1060 | D:2      | 1060 ||| FLEEEEING.
  1061 | D:2      | 1061 ||| FLEEEEING.
  1062 | D:2      | 1062 ||| FLEEEEING.
  1063 | D:2      | 1063 ||| FLEEEEING.
  1068 | D:2      | 1068 ||| FLEEEEING.
  1069 | D:2      | Noticed Natasha
  1073 | D:2      | 1073 ||| FLEEEEING.
  1074 | D:2      | 1074 ||| FLEEEEING.
  1075 | D:2      | 1075 ||| FLEEEEING.
  1076 | D:2      | 1076 ||| FLEEEEING.
  1077 | D:2      | 1077 ||| FLEEEEING.
  1078 | D:2      | 1078 ||| FLEEEEING.
  1079 | D:2      | 1079 ||| STAIRDANCE
  1208 | D:1      | 1208 ||| READING scroll labelled IMAALAHIFO.
  1209 | D:1      | 1209 ||| READING scroll labelled LADANE ZUPH.
  1212 | D:2      | 1212 ||| STAIRDANCE
  1351 | D:2      | Killed Natasha
  1352 | D:2      | Reached XP level 4. HP: 11/26 MP: 8/8
  1428 | D:2      | 1428 ||| FLEEEEING.
  1429 | D:2      | 1429 ||| FLEEEEING.
  1433 | D:2      | 1433 ||| STAIRDANCE
  1548 | D:2      | 1548 ||| Stepping ~*~*~tactically~*~*~ (stealth).
  1549 | D:2      | 1549 ||| Stepping ~*~*~tactically~*~*~ (stealth).
  1564 | D:2      | Reached skill level 5 in Axes
  1726 | D:2      | 1726 ||| Stepping ~*~*~tactically~*~*~ (stealth).
  1728 | D:2      | 1728 ||| Stepping ~*~*~tactically~*~*~ (hiding).
  1739 | D:2      | Killed Robin
  1806 | D:2      | 1806 ||| Stepping ~*~*~tactically~*~*~ (stealth).
  1880 | D:2      | Noticed Natasha
  1881 | D:2      | 1881 ||| Stepping ~*~*~tactically~*~*~ (hiding).
  1890 | D:2      | Killed Natasha
  1891 | D:2      | Gained mutation: Your magical nature lets you fly swiftly
                  | and evasively. [Tengu growth]
  1891 | D:2      | Reached XP level 5. HP: 30/30 MP: 9/9
  1944 | D:2      | Noticed Natasha
  1945 | D:2      | 1945 ||| Stepping ~*~*~tactically~*~*~ (stealth).
  1947 | D:2      | 1947 ||| Stepping ~*~*~tactically~*~*~ (stealth).
  1949 | D:2      | 1949 ||| Stepping ~*~*~tactically~*~*~ (hiding).
  1957 | D:2      | Killed Natasha
  2056 | D:2      | 2056 ||| UPGRADING to +0 chain mail.
  2066 | D:2      | 2066 ||| DROPPING +0 scale mail.
  2067 | D:2      | 2067 ||| READING scroll labelled XULOKOB GUUCUSI.
  2231 | D:3      | Reached skill level 6 in Axes
  2583 | D:3      | Noticed a centaur
  2585 | D:3      | 2585 ||| Stepping ~*~*~tactically~*~*~ (hiding).
  2597 | D:3      | HP: 5/30 [centaur (3)]
  2597 | D:3      | HP: 1/30 [centaur (4)]
  2599 | D:3      | Killed a centaur
  2600 | D:3      | Reached skill level 3 in Armour
  2600 | D:3      | Reached XP level 6. HP: 2/35 MP: 10/10
  2987 | D:3      | 2987 ||| DROPPING +0 mace.
  3349 | D:3      | 3349 ||| READING scroll labelled NOMOAT SUTYA.
  3350 | D:3      | 3350 ||| DRINKING 2 ruby potions.
  3367 | D:3      | 3367 ||| READING 4 scrolls of identify.
  3367 | D:3      | 3367 ||| IDENTIFYING brown potion
  3368 | D:3      | 3368 ||| READING 3 scrolls of identify.
  3368 | D:3      | 3368 ||| IDENTIFYING black potion
  3369 | D:3      | 3369 ||| READING 2 scrolls of identify.
  3369 | D:3      | 3369 ||| IDENTIFYING clear potion
  3370 | D:3      | 3370 ||| DROPPING potion of berserk rage.
  3371 | D:3      | 3371 ||| DROPPING potion of attraction.
  3372 | D:3      | 3372 ||| DROPPING potion of lignification.
  3451 | D:4      | Found a shadowy altar of Dithmenos.
  3811 | D:4      | Found a snail-covered altar of Cheibriados.
  3971 | D:4      | 3971 ||| Stepping ~*~*~tactically~*~*~ (stealth).
  4162 | D:4      | HP: 8/35 [gnoll/+0 whip[a gnoll bouda] (5)]
  4163 | D:4      | 4163 ||| READING scroll of teleportation.
  4164 | D:4      | Slain by a gnoll bouda

Levels and vault maps discovered:
D:1:      mrwooster_arrival_statue, layout_rooms,
          nicolae_ecumenical_snake_handling, minmay_misc_feat_cross
D:2:      layout_rooms, basic_altar, uniq_natasha, uniq_robin
D:3:      layout_loops_corners, hangedman_decor_riveting
D:4:      layout_loops_corners, grunt_dithmenos_smoke_and_mirrors,
          mainiacjoe_overflow_surrounded_room

Skill      XL: |  1  2  3  4  5 |
---------------+----------------+-----
Axes           | 3 4 5 6 |  6.5
Armour         | 3 |  3.3
Fighting       | |  2.0
Throwing       | |  1.0
Dodging        | |  2.1
Spellcasting   | |  2.0
Translocations | |  2.4

Action                   |  1- 3 |  4- 6 || total
-------------------------+-------+-------++-------
Melee: Hand axe          |    65 |   131 ||   196
       Peck              |    10 |    24 ||    34
       Kick              |    12 |    45 ||    57
       Punch             |     2 |       ||     2
Throw: Boomerang         |     7 |       ||     7
  Use: Scroll            |     5 |     6 ||    11
       Potion            |       |     1 ||     1
Armor: Leather armour    |     3 |       ||     3
       Scale mail        |    18 |     8 ||    26
       Chain mail        |       |    49 ||    49
Dodge: Dodged            |    28 |    37 ||    65
Block: Other             |     9 |    24 ||    33
       Reflection        |     1 |     1 ||     2

Table legend:
 A = Non-vault XP
 B = Vault XP
 C = Vault XP percentage of total XP
 D = Non-vault monster count
 E = Vault monster count
 F = Vault count percentage of total count
                 A         B        C        D         E       F
            +---------+---------+-------+---------+---------+-------
      Total |     396 |      77 |  16.3 |      56 |      17 |  23.3
            +---------+---------+-------+---------+---------+-------
        D:1 |      14 |       6 |  30.0 |       7 |       4 |  36.4
        D:2 |     121 |      71 |  37.0 |      19 |      13 |  40.6
        D:3 |     163 |       0 |   0.0 |      19 |       0 |   0.0
        D:4 |      98 |       0 |   0.0 |      11 |       0 |   0.0
            +---------+---------+-------+---------+---------+-------
